Map: Ruins of Seras

Players

MorN

  • Race: Terran Terran
  • League: Diamond

Boban - Winner!

  • Race: Terran Terran
  • League: Diamond

VOD

Have the link to the VOD?

Description

Time

  • Played on: Nov. 13, 2015, 9:02 p.m.
  • Length: 15:52
Show
View Real Time Build Order
Export as new Build Order

MorN Terran 

Build Orders: Reaper Expand 

Get SALT Encoding   

  12  0:04  SCV  
  13  0:16  SCV  
  14  0:27  Supply Depot  
  14  0:28  SCV  
  15  0:48  SCV  
  15  0:49  Barracks  
  16  0:54  Refinery  
  16  1:00  SCV  
  17  1:12  SCV  
  18  1:25  SCV  
  19  1:38  Orbital Command  
  19  1:39  Reaper  
  20  1:50  Command Center  
  20  2:04  SCV  
  21  2:11  Reaper  
  22  2:23  SCV  
  23  2:32  Factory  
  23  2:48  Supply Depot  
  23  2:49  Barracks Reactor  
  23  3:01  SCV  
  23  3:10  Orbital Command  
  22  3:13  SCV  
  22  3:15  Refinery  
  23  3:25  SCV  
  24  3:27  Starport, Marine  
  25  3:37  Widow Mine  
  25  3:38  SCV x2  
  29  3:47  Command Center  
  29  3:49  Marine x2  
  29  3:53  SCV  
  32  3:59  SCV  
  33  4:04  Supply Depot  
  33  4:05  SCV, Medivac  
  33  4:06  Widow Mine  
  38  4:10  Marine x2  
  38  4:11  SCV  
  41  4:18  SCV  
  42  4:28  Marine x2  
  44  4:36  Factory Tech Lab  
  44  4:37  Viking  
  45  4:48  SCV, Engineering Bay  
  45  4:49  SCV, Marine x2  
  49  4:59  Supply Depot  
  49  5:01  Orbital Command  
  49  5:04  SCV  
  50  5:11  Marine x2  
  50  5:13  Cloaking Field  
  50  5:14  Banshee, Factory Tech Lab  
  55  5:17  Missile Turret  
  55  5:18  Missile Turret  
  55  5:20  SCV x2  
  57  5:28  SCV  
  58  5:31  Terran Infantry Weapons Level 1  
  58  5:32  Supply Depot, Marine x2  
  60  5:36  SCV  
  60  5:41  SCV  
  62  5:47  SCV  
  62  5:48  SCV  
  64  5:50  Marine  
  64  5:51  Refinery  
  64  5:52  Refinery  
  64  5:54  Barracks  
  64  5:55  SCV, Barracks  
  64  5:56  Banshee  
  69  5:58  Supply Depot  
  69  6:00  SCV x2  
  66  6:15  Marine x2  
  63  6:20  Orbital Command  
  63  6:22  SCV x2  
  65  6:34  SCV  
  65  6:35  Supply Depot  
  65  6:38  Barracks  
  65  6:39  Barracks  
  66  6:59  SCV  
  66  7:00  SCV x2  
  69  7:04  Barracks Reactor x2  
  69  7:08  Siege Tank  
  72  7:11  SCV  
  72  7:12  SCV x2  
  75  7:22  Marine  
  76  7:23  SCV  
  76  7:24  SCV  
  76  7:25  SCV, Supply Depot  
  76  7:26  Barracks Reactor x2  
  79  7:36  SCV  
  79  7:37  SCV x2  
  79  7:40  Marine  
  79  7:41  Marine x4  
  79  7:43  Siege Tank  
  79  7:44  Medivac x2  
  89  7:46  Combat Shields  
  89  7:48  SCV  
  89  7:49  SCV x2  
  94  7:58  Marine  
  95  7:59  Supply Depot, Marine x4  
  95  8:00  SCV  
  95  8:01  SCV x2, Terran Infantry Armor Level 1  
  95  8:02  Engineering Bay  
  102  8:07  Armory, Barracks  
  102  8:08  Barracks  
  102  8:09  Barracks  
  102  8:12  SCV  
  103  8:13  SCV x2  
  103  8:16  Marine  
  106  8:22  Marine x8  
  106  8:24  SCV  
  106  8:25  SCV x2  
  117  8:27  Supply Depot  
  117  8:28  Supply Depot, Refinery  
  117  8:30  Refinery  
  117  8:32  Supply Depot  
  117  8:35  Supply Depot  
  117  8:48  Supply Depot, Marine x2  
  117  8:49  SCV x2, Medivac x2  
  117  8:50  Siege Tank, Marine x5  
  117  8:53  Marine  
  117  8:54  Marine  
  135  8:57  Missile Turret, Marine x3  
  135  9:00  Terran Infantry Weapons Level 2  
  135  9:01  Terran Vehicle Weapons Level 1  
  137  9:06  Marine x2  
  137  9:08  Marine x2  
  139  9:19  Medivac x2  
  126  9:24  Marine  
  126  9:25  Marine x3  
  126  9:26  Siege Tank, Marine x3  
  126  9:27  Marine  
  126  9:28  Marine  
  126  9:29  Marine  
  109  9:47  Marine x5  
  109  9:48  Marine x4  
  113  9:57  Orbital Command  
  112  10:05  Marine x5  
  110  10:15  Marine  
  110  10:16  Marine  
  110  10:18  Barracks Reactor x2  
  110  10:19  Barracks Reactor  
  110  10:20  SCV x2  
  111  10:22  Marine  
  111  10:23  Marine  
  111  10:25  Marine x2  
  111  10:26  SCV  
  117  10:32  SCV  
  117  10:33  Marine  
  118  10:36  Marine  
  118  10:38  Terran Infantry Armor Level 2  
  118  10:40  Marine x2  
  116  10:43  Factory Tech Lab, Barracks Tech Lab, Marine  
  116  10:44  Starport Reactor  
  116  10:47  SCV x2  
  119  10:52  Marine x2  
  119  10:54  Marine  
  122  10:58  Marine x2  
  122  11:00  Marine x2  
  122  11:04  Marine  
  127  11:11  Marine x3  
  127  11:12  Marine  
  131  11:25  Marine x5  
  134  11:27  Barracks Tech Lab, Stimpack  
  134  11:28  Barracks Reactor  
  134  11:29  Terran Infantry Weapons Level 3  
  134  11:31  SCV x2, Supply Depot  
  138  11:35  Marine  
  138  11:36  Marine x3  
  138  11:38  SCV  
  143  11:42  Marine x2  
  143  11:43  Command Center, SCV x2  
  143  11:45  Marine x2  
  143  11:46  Marine  
  150  11:49  Command Center  
  150  11:50  SCV  
  150  11:53  Marine  
  152  11:55  SCV  
  152  11:56  Marine  
  152  11:58  Marine x2  
  156  12:07  Marine x5  
  156  12:08  Marine x2  
  163  12:11  Refinery  
  163  12:13  Medivac  
  165  12:19  Refinery  
  165  12:21  Supply Depot  
  165  12:22  Supply Depot  
  165  12:38  Medivac, Marine x3  
  165  12:42  Marine x8  
  165  12:44  Marine x3  
  176  12:56  Marine x3  
  179  13:00  Medivac, Siege Tank, Marine x5  
  179  13:05  Orbital Command x2  
  189  13:08  Medivac  
  189  13:09  Marine x2  
  191  13:19  Marine x2  
  192  13:20  Marine x2  
  192  13:22  Marine  
  192  13:23  Marine x2  
  197  13:27  Marine x2  
  197  13:29  SCV  
  142  13:41  Marine x3  
  142  13:42  Marine  
  142  13:43  Marine x4  
  113  13:49  Marine x4  
  114  13:56  Marine  
  114  13:57  Siege Tank, Marine  
  114  13:58  Medivac x2  
  114  13:59  Marine x2  
  114  14:02  SCV x2  
  127  14:11  Refinery  
  127  14:12  Marine x3  
  127  14:13  Marine x7  
  127  14:14  Marine  
  138  14:21  SCV x2  
  138  14:22  SCV x3  
  138  14:23  Marine  
  144  14:33  SCV  
  144  14:38  Marine x6  
  131  14:39  Marine x2, Marauder  
  131  14:41  Marine x3  
  131  14:42  Marauder  
  113  14:49  Marine  
  113  14:51  Siege Tank  
  117  14:55  Marine  
  117  14:56  Marine x5  
  117  14:57  Marine x2  
  117  14:59  Marine  
  126  15:00  Marauder  
  126  15:04  Marauder  
  126  15:05  Orbital Command  
  130  15:10  Marine x3  
  130  15:12  SCV x2  
  130  15:13  Marine  
  136  15:16  Refinery  
  136  15:18  Medivac x2  
  139  15:27  Marauder, Marine x2  
  139  15:28  Marauder, Marine  
Show
View Real Time Build Order
Export as new Build Order

Boban Terran - Winner!

Build Orders: Reaper Expand, Bio Tank, MMM Bio 

Get SALT Encoding   

  12  0:00  SCV  
  13  0:13  SCV  
  14  0:18  Supply Depot  
  14  0:25  SCV  
  15  0:40  SCV  
  15  0:42  Barracks  
  16  0:51  Refinery  
  16  0:55  SCV  
  17  1:07  SCV  
  18  1:19  SCV  
  19  1:31  Orbital Command  
  19  1:35  Reaper  
  20  1:46  Command Center  
  20  1:57  SCV  
  21  2:04  Supply Depot  
  21  2:07  Barracks Reactor  
  21  2:09  SCV  
  21  2:14  Refinery  
  21  2:26  SCV  
  22  2:42  SCV, Factory  
  23  2:52  Barracks, Marine x2  
  25  3:02  Orbital Command  
  25  3:05  SCV  
  24  3:09  Marine x2  
  26  3:19  SCV  
  27  3:24  Engineering Bay  
  27  3:26  Factory Tech Lab  
  27  3:27  Marine x2  
  28  3:39  SCV  
  28  3:40  Barracks Tech Lab  
  29  3:45  SCV  
  29  3:47  Starport  
  30  3:51  SCV  
  30  3:55  Siege Tank  
  34  3:58  Marine  
  34  4:02  Stimpack  
  35  4:03  SCV  
  36  4:12  Marine x2  
  36  4:15  Marine  
  38  4:39  Marine  
  38  4:40  SCV, Marine x2  
  38  4:41  SCV  
  43  4:45  Missile Turret  
  45  4:54  Command Center  
  45  4:56  SCV  
  46  5:02  Supply Depot  
  46  5:04  Terran Infantry Weapons Level 1  
  46  5:07  SCV, Liberator  
  45  5:11  SCV  
  46  5:24  SCV x2  
  46  5:25  Supply Depot  
  46  5:26  Supply Depot  
  46  5:27  Marine x2  
  53  5:29  Marine  
  54  5:39  SCV x2  
  54  5:40  Siege Tank  
  59  5:56  SCV x2  
  61  6:00  Refinery x2  
  61  6:04  Combat Shields  
  61  6:05  Marine x2  
  59  6:18  Orbital Command  
  59  6:20  SCV x2  
  59  6:24  Starport Reactor  
  61  6:31  Siege Tank  
  61  6:32  SCV  
  65  6:33  SCV  
  66  6:42  Barracks, Missile Turret  
  66  6:44  SCV, Barracks  
  66  6:45  SCV, Missile Turret  
  68  6:47  Missile Turret  
  65  6:57  SCV  
  62  7:11  SCV x3  
  62  7:12  Marine x3  
  67  7:27  SCV x3  
  67  7:28  Medivac x2  
  67  7:29  Marine  
  74  7:30  Marine x2  
  74  7:31  Barracks Reactor x2  
  77  7:42  Supply Depot, Orbital Command  
  77  7:43  SCV x2, Supply Depot  
  79  7:47  Marine x2  
  81  7:55  Supply Depot  
  81  7:56  Supply Depot  
  81  7:57  Supply Depot  
  81  8:00  SCV  
  81  8:01  SCV, Marine  
  81  8:04  Siege Tank  
  81  8:05  Medivac, Missile Turret, Marine  
  90  8:16  Concussive Shells  
  90  8:17  Marine x2  
  90  8:18  Marine x3  
  95  8:22  SCV x3  
  95  8:26  Terran Infantry Armor Level 1  
  98  8:31  Armory  
  98  8:38  Engineering Bay  
  98  8:39  Marine x2  
  98  8:40  Marine x4  
  104  8:44  Siege Tank  
  104  8:45  Medivac  
  104  8:47  SCV  
  104  8:48  SCV  
  111  8:49  SCV  
  111  8:53  Marine  
  111  8:55  Medivac  
  115  8:57  Marine  
  116  9:04  Marine  
  116  9:05  Marine x4  
  120  9:23  Marine x4  
  120  9:24  Marine x3  
  121  9:41  Marine x4  
  121  9:42  Marine x3  
  97  9:59  Marine x2  
  96  10:10  Marine  
  96  10:11  Marine x4  
  86  10:16  Refinery  
  86  10:18  Refinery  
  86  10:25  Barracks  
  86  10:26  Barracks  
  86  10:27  Terran Infantry Weapons Level 2, Barracks  
  86  10:28  Command Center, Supply Depot x3, Terran Infantry Armor Level 2  
  86  10:29  Barracks, Terran Vehicle Weapons Level 1  
  86  10:38  Siege Tank  
  86  10:42  Factory, Marine x2  
  88  10:43  Marine x5  
  88  10:44  Medivac x2  
  97  10:58  Missile Turret  
  97  11:00  Marine x3  
  97  11:01  Missile Turret, Marine x2  
  100  11:11  Siege Tank, Marine  
  100  11:12  Marine x3  
  100  11:14  Medivac x2  
  100  11:17  Barracks Reactor x2  
  100  11:18  Marine x2  
  112  11:19  Marine x3  
  116  11:31  Missile Turret  
  116  11:33  SCV x3, Missile Turret  
  116  11:35  Marine x2  
  116  11:36  Marine x3  
  116  11:38  Marine  
  116  11:39  Marine  
  126  11:42  Factory Tech Lab  
  126  11:43  Siege Tank  
  126  11:44  Medivac  
  126  11:45  Marine  
  132  11:51  Supply Depot  
  132  11:53  Supply Depot  
  132  11:55  Planetary Fortress  
  132  11:59  Marine  
  132  12:00  Missile Turret  
  133  12:01  Barracks Reactor  
  133  12:03  Barracks Reactor  
  133  12:05  SCV  
  133  12:06  SCV  
  136  12:08  SCV  
  136  12:16  Marine x3  
  136  12:17  Marine x4  
  136  12:19  Marine  
  143  12:33  Marine x2  
  143  12:36  Marine x2  
  143  12:37  Marine x7  
  146  12:38  Marine  
  146  12:39  Terran Vehicle Weapons Level 2  
  146  12:41  Marine x3  
  157  12:47  Terran Infantry Weapons Level 3  
  157  12:51  Marine  
  157  12:53  Terran Infantry Armor Level 3  
  157  12:56  Siege Tank  
  161  13:00  Siege Tank  
  125  13:46  Marine  
  125  13:47  Marine x7  
  125  13:48  Marine x7  
  109  13:50  Siege Tank  
  109  13:51  Siege Tank, Medivac x2  
  123  14:04  Marine x3  
  123  14:05  Marine x7  
  123  14:06  Marine x3  
  136  14:19  Supply Depot  
  136  14:21  Medivac x2  
  136  14:23  Command Center  
  140  14:27  Marine x4  
  140  14:28  Marine x7  
  140  14:29  Marine  
  140  14:30  Refinery, Marine  
  140  14:31  Marine  
  154  14:32  Marine  
  154  14:34  Refinery  
  141  14:45  Marine x2  
  124  14:46  Marine x2  
  124  14:47  Marine x7  
  124  14:48  Marine x3  
  124  14:50  Siege Tank, Marine  
  140  14:56  Medivac  
  140  14:57  Medivac  
  144  15:03  Marine x2  
  144  15:04  Marine  
  147  15:12  Marine x6  
  147  15:13  Marine x6  
  159  15:20  Marine  
  159  15:21  Marine  
  161  15:22  Marine  
  154  15:29  Marine  
  154  15:30  Marine x7  
Tags
 
Add a new tag
Caveats
  • Supply blocks, unpowered buildings, or Contaminate may cause inaccurate times.
  • Supply counts are checked every 10 seconds.